 Dungeon Sprint DCSS version 0.30-a0-778-g2ef04afb54 (webtiles) character file.

Game seed: 15342330785762956522

18232 retardedninja the Blocker (level 12, -11/106 HPs)
             Began as a Gnoll Fighter on Feb 15, 2023.
             Was the Champion of Trog.
             Mangled by a vampire knight
             ... wielding a +0 great sword
              (18 damage)
             ... in the Dungeon (Sprint IX: "|||||||||||||||||||||||||||||").
             The game lasted 00:08:18 (3477 turns).

retardedninja the Blocker (Gnoll Fighter)           Turns: 3477, Time: 00:08:18

Health: -11/106    AC: 26    Str: 20    XL:     12   Next: 56%
Magic:  28/28      EV: 12    Int: 10    God:    Trog [******]
Gold:   526        SH:  5    Dex: 17    Spells: 35/35 levels left

rFire   x . .      SeeInvis .    n - +6 battleaxe of Xausaa {freeze, rF- Dex+4}
rCold   + . .      Faith    .    (shield currently unavailable)
rNeg    . . .      Spirit   .    i - +1 plate armour {rC+}
rPois   .          Reflect  +    c - +2 hat {Will+}
rElec   .          Harm     .    w - +0 cloak
rCorr   .          Rampage  .    m - +0 pair of gloves
Will    +....      NoTele   +    d - +0 pair of boots
Stlth   +                        r - amulet of reflection
HPRegen 0.37/turn                p - +2 ring of protection
MPRegen 0.21/turn                o - +3 ring of intelligence

@: mighty, hasted, very quick
A: fangs 1, strong nose, distributed training
a: Renounce Religion, Berserk, Trog's Hand, Brothers in Arms


You were in the Dungeon.
You worshipped Trog.
Trog was exalted by your worship.
You visited 1 branch You collected 1913 gold pieces.
You spent 1387 gold pieces at shops.

Inventory:

Hand Weapons
 a - a +0 war axe
 l - a +1 heavy broad axe
 n - the +6 battleaxe of Xausaa (weapon) {freeze, rF- Dex+4}
   (You bought it in a shop in the Dungeon)

   Dex:       It affects your dexterity (+4).
   rF:        It makes you vulnerable to fire.
Armour
 c - a +2 hat of willpower (worn)
 d - a +0 pair of boots (worn)
 i - a +1 plate armour of cold resistance (worn)
 m - a +0 pair of gloves (worn)
 w - a +0 cloak (worn)
Jewellery
 o - a +3 ring of intelligence (right hand)
 p - a +2 ring of protection (left hand)
 r - an amulet of reflection (around neck)
 y - a ring of protection from fire
 z - a ring of fire
 A - a ring of fire
 B - a ring of protection from cold
Wands
 k - a wand of iceblast (5)
 u - a wand of polymorph (2)
Scrolls
 g - 3 scrolls of identify
 j - 4 scrolls of blinking
 s - a scroll of fear
 t - 3 scrolls of fog
 E - 2 scrolls of enchant weapon
Potions
 b - 2 potions of resistance
 e - 7 potions of curing
 f - a potion of mutation
 h - 4 potions of magic
 v - 3 potions of heal wounds
 x - a potion of haste


   Skills:
 + Level 13.8 Fighting
 + Level 12.3 Short Blades
 + Level 12.3 Long Blades
 + Level 13.1 Axes
 + Level 12.3 Maces & Flails
 + Level 12.3 Polearms
 + Level 12.3 Staves
 + Level 12.3 Ranged Weapons
 + Level 12.3 Throwing
 + Level 13.8 Armour
 + Level 12.3 Dodging
 + Level 12.3 Stealth
 + Level 13.8 Shields
 + Level 12.3 Unarmed Combat
 + Level 12.3 Spellcasting
 + Level 10.4 Conjurations
 + Level 10.4 Hexes
 + Level 10.4 Summonings
 + Level 10.4 Necromancy
 + Level 10.4 Translocations
 + Level 10.4 Transmutations
 + Level 10.4 Fire Magic
 + Level 10.4 Ice Magic
 + Level 10.4 Air Magic
 + Level 10.4 Earth Magic
 + Level 10.4 Poison Magic
 + Level 13.4 Invocations
 + Level 12.3 Evocations


You had 35 spell levels left.
You didn't know any spells.
Your spell library was empty.

Dungeon Overview and Level Annotations

Branches:
Dungeon (1/1)

Altars:
Cheibriados
Dithmenos
Elyvilon
Fedhas
Gozag
Hepliaklqana
Kikubaaqudgha
Makhleb
Nemelex Xobeh
Okawaru
Qazlal
Ru
Sif Muna
Trog
Uskayaw
Vehumet
Wu Jian
Xom
Yredelemnul
Zin
The Shining One
Jiyva
Lugonu

Shops:
D (=*!


Innate Abilities, Weirdness & Mutations

You have very sharp teeth.
Your uncanny sense of smell can sniff out nearby items.
Your experience applies equally to all skills.


Message History

Trog accepts your kill.
You hit something.
You block something's attack. x2; The boulder beetle leaps!
A stone giant comes into view.
The stone giant shouts!
You hear a shout! x2
Things that are here:
a +0 shortbow; a manticore corpse You miss something.
You hit something. You freeze something. Something hits you but does no damage.
Something hits you. Something bites you but does no damage.
You slice something!! You freeze something! Trog accepts your kill.
Trog appreciates your killing of a magic user.
Reactivating autopickup.
The rat dissolves into shadows!
You feel a bit more experienced.
You slash something! You freeze something.
A spriggan air mage comes into view.
The boulder beetle leaps!
The stone giant closely misses you.
A deep troll earth mage comes into view.
You slash the stone giant! You freeze the stone giant.
The stone giant is lightly wounded.
You closely miss something. You block the stone giant's attack.
Something hits you!!
Deactivating autopickup; reactivate with Ctrl-A.
Something completely misses you.
You slice the stone giant!! You freeze the stone giant!
The stone giant is heavily wounded.
You closely miss something. You slice the stone giant!!
You freeze the stone giant! You bite the stone giant.
The stone giant is almost dead.
You completely miss something.
You hear some strange, mumbled words.
The stone giant hits you!!
* * * LOW HITPOINT WARNING * * *
You slash the stone giant! You freeze the stone giant.
You kill the stone giant!
Trog accepts your kill.
You barely miss something. Something hits you!!
You die...

▓.▓.▓[▓.▓[▓.▓
▓)▓.▓.▓.▓∩▓.▓.▓
▓[▓.▓)▓.▓.▓.▓B▓
▓.▓.▓.▓.▓∩▓[▓T▓
▓.▓.▓.▓.▓.▓.▓.▓
▓[▓.▓.▓.▓∩▓.▓i▓
▓.▓.▓.▓.▓.▓.▓C▓
▓.▓.▓.▓.▓∩▓.▓(▓
▓.▓.▓.▓.▓.▓.▓@▓
▓)▓.▓.▓.▓.▓.▓{▓
▓?▓.▓.▓.▓.▓.▓)▓
▓.▓.▓.▓.▓)▓.▓)▓
▓'▓.▓'▓.▓.▓.▓.▓
▓_▓.▓.▓.▓'▓.▓[▓
▓_▓.▓.▓.▓)▓.▓.▓
▓_▓.▓.▓.▓.▓.▓.▓
▓_▓.▓.▓)▓.▓.▓.▓


You could see a stone giant, a boulder beetle, a spriggan air mage (repels
missiles) and a deep troll earth mage.

Vanquished Creatures
  Gastronok (D)
  A stone giant (D)
  Erica (D)
  2 centaur warriors (D)
  A skeletal warrior (D)
  2 orc knights (D)
  An ugly thing (D)
  A cyclops (D)
  A manticore (D)
  9 elephants (D)
  2 orc sorcerers (D)
  2 black mambas (D)
  2 cane toads (D)
  Psyche (D)
  A kobold demonologist (D)
  2 komodo dragons (D)
  A tengu conjurer (D)
  2 trolls (D)
  A meliai (D)
  A blink frog (D)
  3 wyverns (D)
  A wraith (D)
  A basilisk (D)
  A yak (D)
  4 water moccasins (D)
  17 orc warriors (D)
  A boggart (D)
  2 wolves (D)
  A centaur (D)
  2 howler monkeys (D)
  2 hounds (D)
  3 orc priests (D)
  3 orc wizards (D)
  An adder (D)
  4 orcs (D)
  An endoplasm (D)
  2 giant cockroaches (D)
  A goblin (D)
  A ball python (D)
86 creatures vanquished.

Vanquished Creatures (collateral kills)
  5 orc knights (D)
  4 orc warriors (D)
9 creatures vanquished.

Vanquished Creatures (others)
  A cyclops (D)
  A troll (D)
2 creatures vanquished.

Grand Total: 97 creatures vanquished

Notes
Turn   | Place    | Note
-------+----------+-------------------------------------------
     0 | D        | retardedninja the Gnoll Fighter began the quest for the
                  | Orb.
     0 | D        | Reached XP level 1. HP: 23/23 MP: 1/1
    14 | D        | Reached skill level 1 in Invocations
    20 | D        | Reached skill level 1 in Short Blades
    20 | D        | Reached skill level 1 in Long Blades
    20 | D        | Reached skill level 1 in Maces & Flails
    20 | D        | Reached skill level 1 in Polearms
    20 | D        | Reached skill level 1 in Staves
    20 | D        | Reached skill level 1 in Ranged Weapons
    20 | D        | Reached skill level 1 in Throwing
    20 | D        | Reached skill level 1 in Dodging
    20 | D        | Reached skill level 1 in Stealth
    20 | D        | Reached skill level 1 in Unarmed Combat
    20 | D        | Reached skill level 1 in Spellcasting
    20 | D        | Reached skill level 1 in Evocations
    26 | D        | Noticed a hound
    26 | D        | Noticed an orc priest
    26 | D        | Noticed a hound
    33 | D        | Reached skill level 1 in Conjurations
    33 | D        | Reached skill level 1 in Hexes
    33 | D        | Reached skill level 1 in Summonings
    33 | D        | Reached skill level 1 in Necromancy
    33 | D        | Reached skill level 1 in Translocations
    33 | D        | Reached skill level 1 in Transmutations
    33 | D        | Reached skill level 1 in Fire Magic
    33 | D        | Reached skill level 1 in Ice Magic
    33 | D        | Reached skill level 1 in Air Magic
    33 | D        | Reached skill level 1 in Earth Magic
    33 | D        | Reached skill level 1 in Poison Magic
    33 | D        | Reached XP level 2. HP: 21/29 MP: 4/4
    40 | D        | Reached skill level 5 in Axes
    40 | D        | Reached XP level 3. HP: 7/35 MP: 4/6
    42 | D        | HP: 2/52 [orc priest/nerve-wracking pain (6)]
    45 | D        | Reached XP level 4. HP: 2/43 MP: 4/8
   342 | D        | Found a snail-covered altar of Cheibriados.
   342 | D        | Found a shadowy altar of Dithmenos.
   342 | D        | Found a white marble altar of Elyvilon.
   342 | D        | Found a blossoming altar of Fedhas.
   342 | D        | Found an opulent altar of Gozag.
   343 | D        | Found a hazy altar of Hepliaklqana.
   344 | D        | Found a viscous altar of Jiyva.
   345 | D        | Found an ancient bone altar of Kikubaaqudgha.
   346 | D        | Found a corrupted altar of Lugonu.
   347 | D        | Found a burning altar of Makhleb.
   348 | D        | Found a sparkling altar of Nemelex Xobeh.
   349 | D        | Found an iron altar of Okawaru.
   350 | D        | Found a stormy altar of Qazlal.
   351 | D        | Found a sacrificial altar of Ru.
   352 | D        | Found a shimmering blue altar of Sif Muna.
   353 | D        | Found a bloodstained altar of Trog.
   354 | D        | Found a hide-covered altar of Uskayaw.
   355 | D        | Found a radiant altar of Vehumet.
   356 | D        | Found an ornate altar of the Wu Jian Council.
   357 | D        | Found a shimmering altar of Xom.
   358 | D        | Found a basalt altar of Yredelemnul.
   359 | D        | Found a glowing silver altar of Zin.
   360 | D        | Found a glowing golden altar of the Shining One.
   361 | D        | Became a worshipper of Trog the Wrathful
   417 | D        | Noticed a wraith
   417 | D        | Noticed a centaur
   417 | D        | Noticed a wyvern
   417 | D        | Noticed a troll
   422 | D        | Killed a troll
   423 | D        | Reached skill level 5 in Invocations
   423 | D        | Reached XP level 5. HP: 43/49 MP: 9/12
   423 | D        | Reached XP level 6. HP: 49/56 MP: 9/13
   427 | D        | Reached skill level 5 in Short Blades
   427 | D        | Reached skill level 5 in Long Blades
   427 | D        | Reached skill level 5 in Maces & Flails
   427 | D        | Reached skill level 5 in Polearms
   427 | D        | Reached skill level 5 in Staves
   427 | D        | Reached skill level 5 in Ranged Weapons
   427 | D        | Reached skill level 5 in Throwing
   427 | D        | Reached skill level 5 in Dodging
   427 | D        | Reached skill level 5 in Stealth
   427 | D        | Reached skill level 5 in Unarmed Combat
   427 | D        | Reached skill level 5 in Spellcasting
   427 | D        | Reached skill level 5 in Evocations
   428 | D        | Killed a wyvern
   428 | D        | Reached * piety under Trog
   429 | D        | Reached XP level 7. HP: 55/63 MP: 10/15
   442 | D        | Killed a wraith
   442 | D        | Reached ** piety under Trog
   443 | D        | Reached skill level 5 in Conjurations
   443 | D        | Reached skill level 5 in Hexes
   443 | D        | Reached skill level 5 in Summonings
   443 | D        | Reached skill level 5 in Necromancy
   443 | D        | Reached skill level 5 in Translocations
   443 | D        | Reached skill level 5 in Transmutations
   443 | D        | Reached skill level 5 in Fire Magic
   443 | D        | Reached skill level 5 in Ice Magic
   443 | D        | Reached skill level 5 in Air Magic
   443 | D        | Reached skill level 5 in Earth Magic
   443 | D        | Reached skill level 5 in Poison Magic
   516 | D        | Noticed a tengu conjurer
   516 | D        | Noticed a kobold demonologist
   516 | D        | Noticed a troll
   516 | D        | Noticed a centaur warrior
   516 | D        | Noticed a cyclops
   516 | D        | Noticed a troll
   521 | D        | Killed a cyclops
   521 | D        | Killed a troll
   522 | D        | Reached XP level 8. HP: 56/71 MP: 17/17
   526 | D        | Killed a centaur warrior
   528 | D        | Killed a troll
   529 | D        | Reached XP level 9. HP: 59/78 MP: 17/20
   529 | D        | Killed a kobold demonologist
   529 | D        | Reached *** piety under Trog
   530 | D        | Reached skill level 10 in Fighting
   530 | D        | Reached skill level 10 in Armour
   530 | D        | Reached skill level 10 in Shields
   532 | D        | Killed a tengu conjurer
   722 | D        | Noticed a komodo dragon
   722 | D        | Noticed a komodo dragon
   722 | D        | Noticed a black mamba
   731 | D        | Reached **** piety under Trog
   744 | D        | Killed a black mamba
   749 | D        | Killed a komodo dragon
   751 | D        | Killed a komodo dragon
   752 | D        | Reached XP level 10. HP: 44/86 MP: 22/22
   763 | D        | Reached ***** piety under Trog
   765 | D        | Reached skill level 10 in Axes
   927 | D        | Noticed a cane toad
   927 | D        | Noticed a black mamba
   927 | D        | Noticed an elephant
   928 | D        | Noticed a cane toad
   930 | D        | Killed an elephant
   945 | D        | Killed a black mamba
   946 | D        | Reached skill level 10 in Invocations
   950 | D        | Killed a cane toad
   952 | D        | Killed a cane toad
   956 | D        | Reached ****** piety under Trog
  1078 | D        | Noticed an elephant
  1078 | D        | Noticed an elephant
  1078 | D        | Noticed an elephant
  1078 | D        | Noticed an elephant
  1078 | D        | Noticed an elephant
  1078 | D        | Noticed an elephant
  1090 | D        | Killed an elephant
  1095 | D        | Killed an elephant
  1095 | D        | Received a gift from Trog
  1097 | D        | Killed an elephant
  1098 | D        | Reached skill level 10 in Short Blades
  1098 | D        | Reached skill level 10 in Long Blades
  1098 | D        | Reached skill level 10 in Maces & Flails
  1098 | D        | Reached skill level 10 in Polearms
  1098 | D        | Reached skill level 10 in Staves
  1098 | D        | Reached skill level 10 in Ranged Weapons
  1098 | D        | Reached skill level 10 in Throwing
  1098 | D        | Reached skill level 10 in Dodging
  1098 | D        | Reached skill level 10 in Stealth
  1098 | D        | Reached skill level 10 in Unarmed Combat
  1098 | D        | Reached skill level 10 in Spellcasting
  1098 | D        | Reached skill level 10 in Evocations
  1098 | D        | Reached XP level 11. HP: 89/95 MP: 23/25
  1495 | D        | Noticed Psyche
  1509 | D        | Killed Psyche
  1886 | D        | Noticed an orc sorcerer
  1889 | D        | Received a gift from Trog
  1897 | D        | Killed an orc sorcerer
  1909 | D        | Noticed an orc sorcerer
  1931 | D        | Killed an orc sorcerer
  1931 | D        | Identified the +5 quick blade of the Pyrrhic Victory
                  | {antimagic, Fly rC+ Will-} (Trog gifted it to you in the
                  | Dungeon)
  1931 | D        | Received a gift from Trog
  1942 | D        | Received a gift from Trog
  2196 | D        | Noticed an orc knight
  2211 | D        | Killed an orc knight
  2219 | D        | Received a gift from Trog
  2596 | D        | Found Orax Zyo's Distillery.
  2596 | D        | Noticed an orc knight
  2596 | D        | Noticed an orc knight
  2597 | D        | Noticed an orc knight
  2607 | D        | Noticed an orc knight
  2611 | D        | Killed an orc knight
  2623 | D        | Killed an orc knight
  2627 | D        | Killed an orc knight
  2634 | D        | Killed an orc knight
  2634 | D        | Received a gift from Trog
  2635 | D        | Reached XP level 12. HP: 64/105 MP: 27/27
  2923 | D        | Found Ruidocw's General Store.
  2927 | D        | Found Gekakuyff's Jewellery Boutique.
  2931 | D        | Found Gaim Wou's Antique Weapon Shop.
  2957 | D        | Received a gift from Trog
  2965 | D        | Bought the +6 battleaxe of Xausaa {freeze, rF- Dex+4} for
                  | 651 gold pieces
  2965 | D        | Bought a scroll of blinking for 97 gold pieces
  2965 | D        | Bought a potion of curing for 39 gold pieces
  2965 | D        | Bought a potion of invisibility for 104 gold pieces
  2965 | D        | Bought a scroll of fog for 52 gold pieces
  2967 | D        | Bought a potion of curing for 36 gold pieces
  2967 | D        | Bought a potion of curing for 36 gold pieces
  2967 | D        | Bought a potion of resistance for 120 gold pieces
  2967 | D        | Bought a potion of heal wounds for 60 gold pieces
  2967 | D        | Bought a potion of haste for 120 gold pieces
  2967 | D        | Bought 2 potions of curing for 72 gold pieces
  3180 | D        | Noticed Gastronok
  3194 | D        | Killed Gastronok
  3195 | D        | Reached skill level 10 in Conjurations
  3195 | D        | Reached skill level 10 in Hexes
  3195 | D        | Reached skill level 10 in Summonings
  3195 | D        | Reached skill level 10 in Necromancy
  3195 | D        | Reached skill level 10 in Translocations
  3195 | D        | Reached skill level 10 in Transmutations
  3195 | D        | Reached skill level 10 in Fire Magic
  3195 | D        | Reached skill level 10 in Ice Magic
  3195 | D        | Reached skill level 10 in Air Magic
  3195 | D        | Reached skill level 10 in Earth Magic
  3195 | D        | Reached skill level 10 in Poison Magic
  3331 | D        | Noticed Erica
  3341 | D        | Killed Erica
  3430 | D        | Noticed a centaur warrior
  3440 | D        | Noticed a boulder beetle
  3453 | D        | Noticed a vampire knight
  3458 | D        | Noticed a stone giant
  3465 | D        | Received a gift from Trog
  3469 | D        | Killed a centaur warrior
  3470 | D        | Noticed a stone giant
  3472 | D        | Noticed a spriggan air mage
  3473 | D        | Noticed a deep troll earth mage
  3477 | D        | Killed a stone giant
  3477 | D        | Mangled by a vampire knight

Illustrated notes

Levels and vault maps discovered:
D:        linesprint [early_d, line_temple, items_1, d_10, items_2, lair_1,
          lair_end, items_3, orc_1, orc_end, items_4, d_15, swamp_1, shoals_1,
          snake_1, spider_1, d_20, vaults_1, items_5, swamp_end, shoals_end,
          snake_end, spider_end, vaults_end, d_27, items_6, zot_1, zot_end,
          crypt_end, forest_end, elf_end, slime_end, tomb_end, abyss_end,
          pan_hell_end]

Skill      XL: |  1  2  3  4  5  6  7  8  9 10 11 12 |
---------------+-------------------------------------+-----
Invocations    | 1 2 3 5 6 8 9 10 12 13 | 13.4
Short Blades   | 1 2 4 5 6 7 8 10 11 12 | 12.3
Long Blades    | 1 2 4 5 6 7 8 10 11 12 | 12.3
Maces & Flails | 1 2 4 5 6 7 8 10 11 12 | 12.3
Polearms       | 1 2 4 5 6 7 8 10 11 12 | 12.3
Staves         | 1 2 4 5 6 7 8 10 11 12 | 12.3
Ranged Weapons | 1 2 4 5 6 7 8 10 11 12 | 12.3
Throwing       | 1 2 4 5 6 7 8 10 11 12 | 12.3
Dodging        | 1 2 4 5 6 7 8 10 11 12 | 12.3
Stealth        | 1 2 4 5 6 7 8 10 11 12 | 12.3
Unarmed Combat | 1 2 4 5 6 7 8 10 11 12 | 12.3
Spellcasting   | 1 2 4 5 6 7 8 10 11 12 | 12.3
Evocations     | 1 2 4 5 6 7 8 10 11 12 | 12.3
Conjurations   | 1 2 3 4 5 6 7 8 9 10 | 10.4
Hexes          | 1 2 3 4 5 6 7 8 9 10 | 10.4
Summonings     | 1 2 3 4 5 6 7 8 9 10 | 10.4
Necromancy     | 1 2 3 4 5 6 7 8 9 10 | 10.4
Translocations | 1 2 3 4 5 6 7 8 9 10 | 10.4
Transmutations | 1 2 3 4 5 6 7 8 9 10 | 10.4
Fire Magic     | 1 2 3 4 5 6 7 8 9 10 | 10.4
Ice Magic      | 1 2 3 4 5 6 7 8 9 10 | 10.4
Air Magic      | 1 2 3 4 5 6 7 8 9 10 | 10.4
Earth Magic    | 1 2 3 4 5 6 7 8 9 10 | 10.4
Poison Magic   | 1 2 3 4 5 6 7 8 9 10 | 10.4
Axes           | 5 6 7 8 9 11 12 13 | 13.1
Fighting       | 7 8 9 10 11 13 | 13.8
Armour         | 7 8 9 10 11 13 | 13.8
Shields        | 7 8 9 10 11 13 | 13.8

Action                     |  1- 3 |  4- 6 |  7- 9 | 10-12 || total
---------------------------+-------+-------+-------+-------++-------
  Melee: War axe           |    33 |     8 |       |       ||    41
         Bite              |     2 |     4 |     1 |    31 ||    38
         Broad axe         |       |    11 |    47 |   171 ||   229
         Battleaxe         |       |       |       |    54 ||    54
 Invoke: Brothers in Arms  |       |       |       |     4 ||     4
         Berserk           |       |       |       |     1 ||     1
         Trog's Hand       |       |       |       |     1 ||     1
  Evoke: Wand              |       |       |       |     5 ||     5
    Use: Potion            |     1 |     1 |     8 |    13 ||    23
         Scroll            |       |       |     3 |     1 ||     4
   Stab: Invisible         |       |       |     3 |     5 ||     8
 Armour: Scale mail        |    15 |     5 |       |       ||    20
         Chain mail        |       |    17 |    34 |    85 ||   136
         Plate armour      |       |       |       |    49 ||    49
  Dodge: Dodged            |    11 |    15 |    37 |   129 ||   192
  Block: Buckler           |     7 |    13 |    20 |    99 ||   139
         Other             |       |       |       |    10 ||    10
         Reflection        |       |       |       |     2 ||     2

Table legend: (Time is in decaauts)
 A = Elapsed time spent in this place.
 B = Non-inter-level travel time spent in this place.
 C = Inter-level travel time spent in this place.
 D = Time resting spent in this place.
 E = Time spent auto-exploring this place.
 F = Levels seen in this place.
 G = Mean time per level.
                   A        B        C        D        E       F      G
               +--------+--------+--------+--------+--------+-----+--------+
         Total |   3666 |   3666 |      0 |   2342 |      0 |   1 | 3666.0 |
       Dungeon |   3666 |   3666 |      0 |   2342 |      0 |   1 | 3666.0 |
               +--------+--------+--------+--------+--------+-----+--------+

Top non-repeatable levels by time:
       D: 3666 daAuts
